Map: Lightshade LE

Players

SortOf

  • Race: Zerg Zerg

Lambo - Winner!

  • Race: Zerg Zerg
  • League: Grandmaster

VOD

https://www.youtube.com/watch?v=4vhu3vzgKJo&t=114s&ab_channel=LamboSC2

Description

ZvZ build

Time

  • Played on: April 30, 2021, 12:32 p.m.
  • Length: 6:47
Show
View Real Time Build Order
Export as new Build Order

SortOf Zerg 

Build Orders: Hatch First 

Get SALT Encoding   

  12  0:00  Drone  
  13  0:13  Overlord  
  13  0:16  Drone  
  14  0:31  Drone x2  
  16  0:47  Hatchery  
  15  0:51  Drone  
  15  0:54  Drone  
  17  0:58  Drone  
  18  1:09  Extractor  
  17  1:13  Spawning Pool  
  17  1:15  Drone  
  17  1:19  Drone  
  18  1:28  Drone  
  19  1:39  Drone  
  20  1:53  Overlord  
  20  1:59  Queen x2  
  20  2:01  Zergling x2  
  25  2:02  Drone  
  26  2:09  Drone  
  26  2:13  Metabolic Boost, Drone  
  28  2:22  Drone  
  29  2:23  Drone  
  30  2:34  Hatchery  
  29  2:39  Drone x2  
  31  2:46  Baneling Nest  
  30  2:51  Overlord  
  30  2:53  Drone x2  
  32  2:59  Drone  
  32  3:04  Queen  
  36  3:07  Overlord  
  36  3:10  Drone x3  
  40  3:12  Drone  
  40  3:17  Zergling x4  
  40  3:19  Zergling x2  
  43  3:22  Drone  
  43  3:25  Evolution Chamber  
  43  3:30  Drone x2  
  45  3:35  Roach Warren  
  45  3:38  Drone  
  45  3:42  Drone x2  
  45  3:44  Overlord  
  45  3:46  Drone  
  48  3:50  Overlord  
  48  3:53  Drone x3  
  48  3:55  Drone  
  52  4:03  Zerg Missile Weapons Level 1  
  52  4:04  Drone x3  
  55  4:10  Zergling x4  
  55  4:14  Overlord  
  55  4:15  Extractor  
  55  4:16  Drone x4  
  60  4:20  Extractor  
  60  4:21  Overlord  
  60  4:22  Roach  
  61  4:24  Zergling x2  
  61  4:25  Zergling x2  
  61  4:29  Zergling x4  
  65  4:31  Zergling x4  
  65  4:36  Evolution Chamber  
  65  4:38  Zergling x6  
  68  4:44  Zergling x6  
  66  4:47  Zergling x4  
  68  4:52  Zergling x2  
  68  4:53  Drone  
  68  4:56  Zergling x2  
  68  4:57  Zergling x2  
  68  4:58  Zergling x4  
  67  5:00  Zergling x4  
  67  5:05  Roach  
  66  5:09  Queen x2  
  66  5:11  Roach  
  71  5:14  Roach  
  71  5:15  Roach  
  73  5:22  Roach  
  73  5:24  Overlord  
  73  5:25  Evolution Chamber  
  74  5:28  Evolution Chamber  
  74  5:29  Evolution Chamber  
  74  5:31  Roach, Evolution Chamber  
  73  5:36  Roach  
  74  5:43  Roach Warren  
  74  5:47  Overlord  
  73  5:53  Overlord  
  73  5:56  Overlord x2  
  71  6:03  Zergling x2  
  72  6:06  Zergling x2  
  73  6:18  Zergling x2  
  73  6:19  Zergling x8  
  73  6:23  Roach x2  
  73  6:24  Roach  
Show
View Real Time Build Order
Export as new Build Order

Lambo Zerg - Winner!

Build Orders: Hatch First 

Get SALT Encoding   

  12  0:00  Drone  
  13  0:13  Overlord  
  13  0:17  Drone  
  14  0:31  Drone x2  
  16  0:47  Hatchery  
  15  0:51  Drone  
  15  0:54  Drone  
  17  0:57  Drone  
  18  1:08  Extractor  
  17  1:12  Spawning Pool  
  17  1:16  Drone  
  17  1:19  Drone  
  18  1:28  Drone  
  19  1:39  Drone  
  20  1:50  Drone  
  21  1:59  Queen x2  
  21  2:00  Overlord, Drone  
  26  2:06  Evolution Chamber  
  25  2:09  Drone  
  25  2:11  Drone  
  27  2:20  Drone  
  27  2:22  Drone  
  29  2:31  Zerg Melee Weapons Level 1  
  29  2:33  Drone  
  29  2:34  Drone  
  29  2:35  Queen  
  33  2:42  Drone  
  34  2:45  Overlord  
  34  2:50  Metabolic Boost  
  34  2:53  Drone  
  34  2:55  Drone  
  36  2:59  Evolution Chamber  
  36  3:04  Drone  
  36  3:06  Drone  
  36  3:07  Drone x3  
  36  3:10  Drone x3  
  43  3:17  Roach Warren  
  42  3:20  Overlord  
  42  3:29  Overlord  
  42  3:31  Zergling x2  
  42  3:32  Zergling x2  
  44  3:39  Overlord  
  44  3:40  Zergling x6  
  47  3:46  Evolution Chamber  
  47  3:48  Zergling x6  
  49  3:51  Zergling x2  
  50  3:56  Zergling x2  
  50  3:57  Zergling x2  
  52  4:04  Zerg Ground Armor Level 1  
  52  4:09  Zergling x4  
  54  4:18  Zergling x6  
  54  4:21  Zergling x10  
  62  4:25  Extractor  
  62  4:26  Extractor  
  62  4:29  Hatchery, Drone  
  60  4:32  Overlord  
  60  4:38  Zergling x4  
  61  4:52  Overlord  
  61  4:59  Overlord  
  58  5:00  Roach x4  
  58  5:03  Roach  
  67  5:08  Roach  
  67  5:13  Roach  
  71  5:17  Roach x4  
  75  5:23  Overlord  
  75  5:24  Zergling x4  
  75  5:27  Zergling x2  
  78  5:34  Zergling x2  
  79  5:39  Zergling x2  
  79  5:42  Zergling x2  
  79  5:45  Zergling x8  
  79  5:48  Ravager x4  
  88  5:51  Zergling x4  
  88  5:53  Ravager  
  88  5:56  Zergling x4  
  93  6:00  Zergling x4  
  93  6:03  Ravager, Zergling x4  
  96  6:08  Zergling x2  
  97  6:12  Zergling x2  
  97  6:14  Zergling x6  
  97  6:15  Zergling x2  
  97  6:18  Zergling x2  
  103  6:27  Zergling x6  
Tags
 
Add a new tag
Caveats
  • Supply blocks, unpowered buildings, or Contaminate may cause inaccurate times.
  • Supply counts are checked every 10 seconds.